 Dungeon Crawl Stone Soup version 0.31-a0-816-gd61d57ddb1 (webtiles) character file.

Game seed: 4674009425708948769

4594 senseless the Mimic (level 10, -10/45 HPs)
             Began as a Felid Shapeshifter on Sept 22, 2023.
             Was a Believer of the Shining One.
             Mangled by an ancient zyme (11 damage)
             ... on level 1 of the Abyss.
             The game lasted 00:26:29 (8191 turns).

senseless the Mimic (Felid Shapeshifter)            Turns: 8191, Time: 00:26:30

Health: -10/45     AC:  2    Str: 14    XL:     10   Next: 19%
Magic:  12/12      EV: 21    Int: 13    God:    the Shining One [**....]
Gold:   551        SH:  0    Dex: 15    Spells: 8/11 levels left
                                        Lives:  0   Deaths: 4

rFire   + .          .
                       - Unarmed
rCold   . . .        (shield unavailable)
rNeg    + . .        (body armour unavailable)
rPois   .            (helmet unavailable)
rElec   .            (cloak unavailable)
rCorr   .            (gloves unavailable)
SInv    +            (boots unavailable)
Will    +....        g - amulet of faith
Stlth   ++           B - ring of flight
HPRegen 0.00/turn    n - ring of protection from fire
MPRegen 0.13/turn

%: faith
@: beast-form, sick, flying, glowing, quick
A: beast (slay +4), very small, claws 1, fangs 3, see invisible, speed 1, shaggy
fur 2, stealthy paws, no weapons or thrown items, no armour, multi-lived
a: Begin Untransformation, Renounce Religion, Divine Shield


You were on level 1 of the Abyss.
You worshipped the Shining One.
The Shining One was pleased with you.
You were a hulking beast.
You visited 2 branches of the dungeon, and saw 10 of its levels.
You visited the Abyss 1 time.
You also visited: Sewer.

You collected 551 gold pieces.

Inventory:

Jewellery
 f - a ring of wizardry
 g - an amulet of faith (around neck)
 n - a ring of protection from fire (right paw)
 r - a ring of ice
 B - a ring of flight (left paw)
Talismans
 b - a beast talisman (active)
 c - a flux talisman
 m - a blade talisman
Wands
 d - a wand of flame (15) (quivered)
 k - a wand of polymorph (9)
 q - a wand of roots (8)
 x - a wand of charming (10)
Scrolls
 e - 2 scrolls of fog
 s - 3 scrolls of teleportation
 u - a scroll of blinking
 y - a scroll of revelation
Potions
 a - 3 potions of lignification
 h - 2 potions of brilliance
 i - a potion of berserk rage {unknown}
 j - a potion of degeneration {unknown}
 l - 2 potions of ambrosia {unknown}
 o - a potion of might {unknown}
 p - 3 potions of enlightenment
 t - 3 potions of heal wounds {unknown}
 v - a potion of attraction {unknown}
 z - 3 potions of mutation {unknown}
 A - a potion of haste {unknown}
Miscellaneous
 w - a lightning rod (2/4)


   Skills:
 + Level 6.1 Fighting
 + Level 8.4 Dodging
 + Level 8.4 Stealth
 + Level 6.7 Unarmed Combat
 - Level 1.1 Spellcasting
 - Level 1.2 Summonings
 - Level 2.0 Evocations
 * Level 8.9 Shapeshifting


You had 8 spell levels left.
You knew the following spells:

 Your Spells              Type           Power      Damage    Failure   Level
a - Summon Small Mammal   Summ           12%        N/A       17%         1
b - Wereblood             Tmut           0%         N/A       38%         2

Your spell library contained the following spells:

 Spells                   Type           Power      Damage    Failure   Level
 Apportation              Tloc           0%         N/A       28%         1
 Necrotise                Necr           0%         1d4       28%         1
 Sublimation of Blood     Necr           0%         N/A       38%         2
 Summon Hydra             Summ           1%         N/A       100%        7


Dungeon Overview and Level Annotations

Branches:
Dungeon (9/15)             Temple (1/1) D:6            Lair (0/5) D:8
  Sewer (visited)
    Orc: D:9-12

Altars:
Ashenzari
Cheibriados
Fedhas
Gozag
Kikubaaqudgha
Makhleb
Nemelex Xobeh
Okawaru
Qazlal
Ru
Sif Muna
Trog
Uskayaw
Vehumet
Wu Jian
Xom
Yredelemnul
Zin
The Shining One

Shops:
D:8 [

Annotations:
D:9 Amaemon, Harold, Psyche


Innate Abilities, Weirdness & Mutations

You are a hulking beast.
Your limbs bulge with bestial killing power. (Slay +4)
You have sharp claws.
You have razor-sharp teeth.
You have supernaturally acute eyesight. (SInv)
You cover ground quickly. (Speed+)
You are covered in thick fur. (AC +2)
Your paws help you pounce on unaware monsters.
You are incapable of wielding weapons or throwing items.
You cannot wear armour.
You gain extra lives every three experience levels.


Message History

The naga shouts! x2
Found a corrupted altar of Lugonu.
HP restored.
The naga spits poison at you. The splash of poison hits you!
You are poisoned.
You feel sick.
You feel sick.
You feel sick. The naga attacks as it pursues you! The naga misses you.
You feel sick.
The great orb of eyes turns its gaze towards you.
You feel sick.
You are no longer poisoned.
An ancient zyme comes into view.
You feel yourself growing ill in the presence of the ancient zyme.
You feel ill.
You feel ill.
You feel ill.
An ancient zyme is nearby!
You claw the ancient zyme! You bite the ancient zyme.
The ancient zyme is moderately damaged.
The ancient zyme hits you! The ancient zyme closely misses you.
You claw the ancient zyme! You bite the ancient zyme.
The ancient zyme is heavily damaged.
The ancient zyme misses you. The ancient zyme closely misses you.
You scratch the ancient zyme.
The ancient zyme is heavily damaged.
The ancient zyme completely misses you. The ancient zyme hits you!
You scratch the ancient zyme but do no damage.
The ancient zyme is heavily damaged.
You claw the ancient zyme!
You bite the ancient zyme, but do no damage.
The ancient zyme is severely damaged.
The ancient zyme hits you!
* * * LOW HITPOINT WARNING * * *
The ancient zyme completely misses you.
You scratch the ancient zyme.
The ancient zyme is severely damaged.
The ancient zyme hits you!
You die...

# . #. . #.## #
. #..#... #.##
#........##.#.#
#.......h...#
#.###.##x.##
.....#....##..
###..#.......#
#.....x..##.##
#
...#...#...#.#
.. ##..##.. ..
## .##.## .###
## . .. .#. #


You could see an ancient zyme.

Vanquished Creatures
  A two-headed ogre (D:8)
  A troll (D:9)
  Sigmund (D:2)
  A wyvern (D:8)
  2 steam dragons
  2 swamp worms (D:7)
  2 water moccasins
  A sky beast (D:6)
  2 ice beasts
  2 orc warriors
  2 black bears
  3 phantoms
  2 kobold brigands
  2 bullfrogs
  A gnoll sergeant (D:8)
  3 scorpions
  6 killer bees
  A howler monkey (D:8)
  3 hounds
  10 orc priests
  2 jellies
  Jessica (D:2)
  4 iguanas
  6 orc wizards
  2 sleepcaps
  8 adders
  3 gnolls (D:8)
  An ufetubus (D:4)
  A worm (D:4)
  A dart slug (D:4)
  30 orcs
  9 ball pythons
  2 bats (D:3)
  20 endoplasms
  12 giant cockroaches
  7 goblins
  5 hobgoblins
  5 jackals (D:4)
  7 quokkas
  12 frilled lizards
  18 kobolds
  5 rats
209 creatures vanquished.

Vanquished Creatures (collateral kills)
  A bullfrog (Sewer)
  An iguana (D:4)
  An endoplasm (Sewer)
3 creatures vanquished.

Grand Total: 212 creatures vanquished

Notes
Turn   | Place    | Note
-------+----------+-------------------------------------------
     0 | D:1      | senseless the Felid Shapeshifter began the quest for the
                  | Orb.
     0 | D:1      | Reached XP level 1. HP: 9/9 MP: 2/2
   292 | D:1      | Reached XP level 2. HP: 5/12 MP: 3/3
   394 | D:1      | Reached skill level 1 in Stealth
   730 | D:2      | Noticed Sigmund
   731 | D:2      | Noticed Jessica
   736 | D:2      | Killed Sigmund
   737 | D:2      | Reached XP level 3. HP: 16/16 MP: 4/4
   737 | D:2      | Reached XP level 4. HP: 20/20 MP: 5/5
   737 | D:2      | Reached XP level 5. HP: 23/23 MP: 6/6
   740 | D:2      | Killed Jessica
  1251 | D:2      | Gained mutation: You are covered in thick fur. (AC +2)
                  | [Felid growth]
  1251 | D:2      | Reached XP level 6. HP: 27/27 MP: 7/7
  1430 | D:2      | Found a sparkling altar of Nemelex Xobeh.
  1837 | D:3      | Learned a level 1 spell: Summon Small Mammal
  1877 | D:3      | Found a radiant altar of Vehumet.
  2939 | D:4      | Found a basalt altar of Yredelemnul.
  3147 | D:5      | Entered Level 5 of the Dungeon
  3202 | D:5      | Noticed a water moccasin
  3205 | D:5      | Killed a water moccasin
  3206 | D:5      | Reached skill level 5 in Dodging
  3206 | D:5      | Reached XP level 7. HP: 31/31 MP: 8/8
  3284 | D:5      | Found a glowing drain.
  3290 | D:5      | Reached skill level 5 in Shapeshifting
  3296 | Sewer    | Entered a sewer
  3660 | Sewer    | Reached skill level 1 in Spellcasting
  3660 | Sewer    | Reached skill level 1 in Summonings
  3835 | D:5      | Found a glowing silver altar of Zin.
  3892 | D:5      | Reached skill level 5 in Stealth
  4138 | D:5      | Reached skill level 1 in Evocations
  4180 | D:5      | Reached XP level 8. HP: 11/36 MP: 10/10
  4618 | D:6      | Reached skill level 5 in Unarmed Combat
  4717 | D:6      | Found a staircase to the Ecumenical Temple.
  4730 | Temple   | Entered the Ecumenical Temple
  4770 | Temple   | Became a worshipper of the Shining One
  5379 | D:6      | Learned a level 2 spell: Wereblood
  5536 | D:6      | Engulfed by a steam dragon's steam
  6071 | D:7      | Reached XP level 9. HP: 24/39 MP: 11/11
  6286 | D:7      | HP: 1/40 [killer bee (7)]
  6290 | D:7      | Reached skill level 5 in Fighting
  6647 | D:7      | Found an iron altar of Okawaru.
  6904 | D:7      | Reached * piety under the Shining One
  6913 | D:7      | Mangled by a swamp worm
  7262 | D:8      | Noticed a two-headed ogre
  7273 | D:8      | HP: 1/40 [two-headed ogre/+0 giant spiked club (29)]
  7274 | D:8      | Killed a two-headed ogre
  7275 | D:8      | Reached XP level 10. HP: 1/45 MP: 12/12
  7533 | D:8      | HP: 1/45 [kobold brigand/+0 short sword (9)]
  7534 | D:8      | Mangled by a kobold brigand
  7663 | D:8      | Found Tian's Armour Boutique.
  7702 | D:8      | Found a staircase to the Lair.
  7830 | D:8      | Found a shimmering blue altar of Sif Muna.
  8016 | D:9      | Noticed Harold
  8030 | D:9      | Slain by Harold
  8061 | D:9      | Noticed Psyche
  8066 | D:9      | Noticed an orange demon
  8068 | D:9      | Noticed Amaemon
  8069 | Abyss:1  | Cast into level 1 of the Abyss (Psyche)
  8101 | Abyss:1  | Noticed a naga mage
  8101 | Abyss:1  | Reached ** piety under the Shining One
  8108 | Abyss:1  | Found a corrupted altar of Lugonu.
  8161 | Abyss:1  | Noticed a great orb of eyes
  8190 | Abyss:1  | HP: 1/45 [ancient zyme (13)]
  8191 | Abyss:1  | Mangled by an ancient zyme

Illustrated notes

Levels and vault maps discovered:
D:1:      erik_arrival_blinker_ship, layout_loops_ring
D:2:      cheibrodos_fertilizer, layout_basic, basic_altar, uniq_jessica,
          uniq_sigmund
D:3:      layout_rooms, general_overflow_altar, chequers_jeans,
          serial_bayou_lagoon_a, dk_noncrumbling_3
D:4:      wad_lake_hut, layout_rooms, mainiacjoe_overflow_tiny_flanked,
          minmay_misc_feat_secret_circle, minmay_misc_feat_tiny
D:5:      layout_loops_ring, overflow_temple_1_default, portal_sewer_entry_d
D:6:      layout_basic, minmay_temple_entry_sparse_star, palyth_stone_intersect
D:7:      layout_basic, lemuel_round_altar, worms_lemuel
D:8:      minmay_recursive_quarters, layout_rooms, lemuel_tele_altar,
          amethyst_overflow_temple_binary, serial_shops, shop
D:9:      layout_layer_cave, grunt_dithmenos_shadows, corexii_checkpoint_a,
          uniq_amaemon, uniq_jeremiah, uniq_harold, uniq_psyche, uniq_gastronok
Temple:   nicolae_temple_ecumenical_triangle
Abyss:1:  base:
D:2

Skill      XL: |  1  2  3  4  5  6  7  8  9 10 |
---------------+-------------------------------+-----
Dodging        | 4 5 6 8 |  8.4
Stealth        | 3 4 5 6 8 |  8.4
Fighting       | 2 3 4 5 6 |  6.1
Shapeshifting  | 4 5 6 8 |  8.9
Unarmed Combat | 4 5 6 |  6.7
Spellcasting   | 1 |  1.1
Summonings     | 1 |  1.2
Evocations     | 1 2 |  2.0

Action                     |  1- 3 |  4- 6 |  7- 9 | 10-12 || total
---------------------------+-------+-------+-------+-------++-------
  Melee: Unarmed           |    31 |   166 |   306 |    58 ||   561
         Bite              |     5 |    16 |    34 |    11 ||    66
         Punch             |       |       |    14 |     2 ||    16
   Cast: Summon Small Mamm |       |    16 |     7 |       ||    23
         Wereblood         |       |       |     1 |       ||     1
  Evoke: Lightning rod     |       |       |     9 |     3 ||    12
         Wand              |       |       |       |     3 ||     3
    Use: Scroll            |       |    11 |     5 |     1 ||    17
         Potion            |       |       |     8 |       ||     8
   Stab: Sleeping          |     4 |     8 |     6 |       ||    18
         Distracted        |       |     1 |       |       ||     1
 Armour: Skin              |     6 |    40 |   127 |    28 ||   201
  Dodge: Dodged            |    12 |   102 |   250 |    52 ||   416
   Form: Beast             |       |       |     1 |       ||     1
         Flux              |       |       |     1 |       ||     1

Table legend: (Time is in decaauts)
 A = Elapsed time spent in this place.
 B = Non-inter-level travel time spent in this place.
 C = Inter-level travel time spent in this place.
 D = Time resting spent in this place.
 E = Time spent auto-exploring this place.
 F = Levels seen in this place.
 G = Mean time per level.
                   A        B        C        D        E       F      G
               +--------+--------+--------+--------+--------+-----+--------+
         Total |   7257 |   7040 |    217 |    454 |   5104 |  12 |  604.8 |
       Dungeon |   6585 |   6378 |    207 |    350 |   4830 |   9 |  731.7 |
        Temple |     43 |     34 |      9 |      0 |      0 |   1 |   43.0 |
         Abyss |    107 |    107 |      0 |      0 |     58 |   1 |  107.0 |
         Sewer |    520 |    520 |      0 |    104 |    215 |   1 |  520.0 |
               +--------+--------+--------+--------+--------+-----+--------+

Top non-repeatable levels by time:
     D:6: 1239 daAuts
     D:7: 973 daAuts
     D:4: 926 daAuts
     D:8: 851 daAuts
     D:5: 696 daAuts
     D:2: 689 daAuts
     D:1: 594 daAuts
     D:3: 566 daAuts
   Sewer: 520 daAuts
 Abyss:1: 107 daAuts
     D:9: 48 daAuts
  Temple: 43 daAuts
